 Dungeon Crawl Stone Soup version 0.30-a0-691-g754fce4c43 (webtiles) character file.

Game seed: 16470787056313195027

159 kae the Changer (level 5, 0/55 HPs)
             Began as a Demonspawn Transmuter on Jan 17, 2023.
             Splashed by a jelly's acid (10 damage)
             ... on level 4 of the Dungeon on Jan 19, 2023.
             The game lasted 00:05:24 (2612 turns).

kae the Changer (Demonspawn Transmuter)             Turns: 2612, Time: 00:05:25

Health: 0/55       AC: 22    Str: 15    XL:     5   Next: 17%
Magic:  9/9        EV:  2    Int: 16    God:
Gold:   664        SH:  0    Dex: 16    Spells: 0/10 levels left

rFire   . . .      SeeInvis .      - Unarmed
rCold   . . .      Faith    .    (no shield)
rNeg    . . .      Spirit   .    (body armour currently unavailable)
rPois   +          Reflect  .    (helmet currently unavailable)
rElec   .          Harm     .    (cloak currently unavailable)
rCorr   .          Rampage  .    (gloves currently unavailable)
Will    .....      NoTele   +    (boots currently unavailable)
Stlth   +                        n - amulet of Seow {RegenMP rPois Str+5 Dex+2}
HPRegen 0.29/turn                O - +4 ring of protection
MPRegen 0.51/turn                (no ring)

@: mighty, tree-form, corroded
A: stationary, stasis, torment immunity, boosted hp, powered by pain 2, (sturdy
frame 1)
a: no special abilities


You were on level 4 of the Dungeon.
You were a tree.
You visited 1 branch of the dungeon, and saw 4 of its levels.

You collected 664 gold pieces.


Innate Abilities, Weirdness & Mutations

You are a tree.
Your roots penetrate the ground, keeping you stationary.
You cannot be teleported.
You are immune to unholy pain and torment.
Your maximum health is greatly increased.
Your equipment is partially melded.
You sometimes gain power by taking damage.
((Your movements are slightly less encumbered by armour. (ER -2)))


   Skills:
 - Level 1.0 Fighting
 - Level 1.7 Dodging
 + Level 3.5 Unarmed Combat
 + Level 3.0 Spellcasting
 * Level 3.7 Transmutations
 * Level 0.0 Ice Magic
 + Level 0.2 Poison Magic


You couldn't memorise any spells.
You knew the following spells:

 Your Spells              Type           Power      Damage    Failure   Level
a - Beastly Appendage     Tmut           28%        N/A       4%          1
b - Wereblood             Tmut           14%        N/A       6%          2
c - Spider Form           Tmut/Pois      8%         N/A       26%         3
d - Ice Form              Ice/Tmut       8%         N/A       65%         4

Your spell library contained the following spells:

 Spells                   Type           Power      Damage    Failure   Level
 Sting                    Tmut/Pois      32%        1d4       9%          1
 Cigotuvi's Dreadful Rot  Necr/Pois/Air  4%         N/A       26%         2
 Poisonous Vapours        Pois/Air       4%         N/A       26%         2
 Mephitic Cloud           Conj/Pois/Air  2%         N/A       47%         3
 Olgreb's Toxic Radiance  Pois           3%         N/A       86%         4

Inventory:

Missiles
 d - 28 stones
 t - 5 curare-tipped darts {=f}
Armour
 a - a +0 robe (melded)
 h - a +0 cloak (melded)
   (You found it on level 2 of the Dungeon)
 j - a +0 helmet (melded)
   (You found it on level 2 of the Dungeon)
 o - the +2 ring mail of the Accordion {rC+ Regen+ Dex+3}
   (You found it on level 2 of the Dungeon)

   Dex:       It affects your dexterity (+3).
   rC:        It protects you from cold.
   Regen:     It increases your rate of health regeneration.
Jewellery
 n - the amulet of Seow (around neck) {RegenMP rPois Str+5 Dex+2}
   (You found it on level 2 of the Dungeon)

   [amulet of magic regeneration]

   It increases your rate of magic regeneration.
   Str:       It affects your strength (+5).
   Dex:       It affects your dexterity (+2).
   rPois:     It protects you from poison.
 O - a +4 ring of protection (left branch)
   (You found it on level 3 of the Dungeon)
Wands
 p - a wand of iceblast (7)
   (You found it on level 3 of the Dungeon)
Scrolls
 i - a scroll of teleportation {unknown}
 l - 2 scrolls of vulnerability {unknown}
 q - a scroll of enchant armour {unknown}
 r - a scroll of blinking {unknown}
Potions
 c - 2 potions of attraction {unknown}
 e - a potion of heal wounds {unknown}
 f - a potion of degeneration {unknown}
 g - a potion of resistance {unknown}
 k - a potion of might
 m - a potion of curing {@q1}
 s - a potion of brilliance {unknown}

Dungeon Overview and Level Annotations

Branches:
Dungeon (4/15) Zot: 21398
 Temple: D:4-7

Altars:
Okawaru

Shops:
D:3

( ###<...#.# #...
###.####.####.# ##..#
#.##...# ##..# #.##.#.#
# ##..#
#.##.#.#######.## ##.)#
#................
##..####..#.#...........
##.................####
..........###.##♣#.#
##.###.#### #.##J# #
#...##.######.#.J.
#.#................
#...##.######.#.....
######.# #........ #.# #
#......# #.# ##......
#.#


You could see a jelly and an endoplasm.


Message History

Your +0 cloak unmelds from your body.
Your +0 helmet unmelds from your body.
Your +0 robe unmelds from your body. 😎 MP[+1]
Your mp is fully restored (9).
No target in view!
No target in view!
r - a scroll labelled TUZXUA SYNYZ Unknown command.
d - 28 stones (gained 7)
s - a brown potion Done exploring.
Done exploring.
This spell is astonishingly dangerous to cast!
Memorise Ice Form, consuming 4 spell levels and leaving 0?
You start memorising the spell.
You continue memorising. x4
You finish memorising.
Spell assigned to 'd'.
Done exploring.
Done exploring.
Done exploring.
Done exploring.
(D) Dungeon
Where to? (? - help)
There is an escape hatch in the floor here.
There is a stone staircase leading down here.
You climb downwards.
Found a stone staircase leading down.
There is a stone staircase leading up here.
A goblin comes into view. It is wielding a +0 dagger.
A goblin is nearby!
A goblin is nearby!
The goblin shouts!
Casting: Spider Form (quite dangerous; 26% risk of failure)
Confirm with . or Enter, or press ? or * to list all spells.
You grow a pair of large bovine horns.
Your feet morph into talons.
Your +0 helmet melds into your body.
You hit the goblin. You barely miss the goblin. Your kick misses the goblin.
The goblin hits you with a +0 dagger. 😕 HP[-1]
You take 1 damage, and now have 36/37 hp.
You hit the goblin.
You kill the goblin!
No target in view!
No target in view!
No target in view!
Unknown command.
Your transformation is almost over.
You now have 664 gold pieces (gained 16).
Your horns disappear.
Your talons disappear.
Your +0 helmet unmelds from your body.
t - 5 curare-tipped darts {=f} 😎 HP[+1]
Your hp is fully restored (37).
Key pressed, stopping explore.
Unknown command.
A jelly comes into view.
A jelly is nearby!
A jelly is nearby!
Casting: Beastly Appendage (safe; 4% risk of failure)
Confirm with . or Enter, or press ? or * to list all spells.
You grow a pair of large bovine horns.
Your feet morph into talons.
Your +0 helmet melds into your body.
The jelly quivers.
An endoplasm comes into view.
The endoplasm quivers.
The jelly hits you but does no damage.
You hit the jelly. The acid corrodes you!
Your hands burn!
The jelly hits you.
You are splashed with acid!
You hit the jelly.
Your hands burn!
The jelly hits you but does no damage. 😮 HP[-15]
You take 15 damage, and now have 22/37 hp.
MASSIVE DAMAGE!! (PAUSE)
You are too injured to fight recklessly!
You are too injured to fight recklessly!
Unknown command.
You barely miss the jelly. You claw the jelly.
The jelly hits you but does no damage.
You hit the jelly but do no damage.
Your hands burn!
Your kick misses the jelly.
You headbutt the jelly, but do no damage.
The jelly hits you.
* * * LOW HITPOINT WARNING * * *
You are splashed with acid!
* * * LOW HITPOINT WARNING * * *
You focus on the pain.
You feel very mighty all of a sudden.
Unknown command. 😱 HP[-15]
You take 15 damage, and now have 7/37 hp.
MASSIVE DAMAGE!! (PAUSE) Really quaff
b - a potion of lignification {!q}?
Really quaff the potion of lignification?
Your horns disappear.
Your talons disappear.
Your +0 helmet unmelds from your body.
You turn into a tree.
Your +0 cloak melds into your body.
Your +0 helmet melds into your body.
Your +0 robe melds into your body.
Your roots penetrate the ground.
The jelly hits you.
* * * LOW HITPOINT WARNING * * *
You are splashed with acid!
You die...

Skill      XL: |  1  2  3  4 |
---------------+-------------+-----
Transmutations | 2 3 |  3.7
Unarmed Combat | 3 |  3.5
Spellcasting   | 3 |  3.0
Fighting       | |  1.0
Dodging        | |  1.7
Poison Magic   | |  0.2

Action                   |  1- 3 |  4- 6 || total
-------------------------+-------+-------++-------
Melee: Unarmed           |   123 |    57 ||   180
       Headbutt          |    17 |    10 ||    27
       Kick              |    14 |    16 ||    30
       Punch             |     2 |     1 ||     3
 Cast: Beastly Appendage |    25 |    12 ||    37
       Spider Form       |     2 |     2 ||     4
       Wereblood         |     1 |       ||     1
  Use: Scroll            |     4 |       ||     4
       Potion            |       |     1 ||     1
 Stab: Sleeping          |     2 |       ||     2
Armor: Robe              |    45 |    18 ||    63
       Skin              |       |     1 ||     1
Dodge: Dodged            |    80 |    26 ||   106

Levels and vault maps discovered:
D:1:      onia_arrival_mini_maze_b, layout_basic, minmay_box_of_dots
D:2:      layout_loops_ring, minmay_misc_feat_cross, minmay_pentomino_q4
D:3:      layout_loops_ring, okawaru_metal_pillars_1_2, serial_shops, shop,
          serial_undead, serial_undead_b, serial_undead_a, serial_undead_b,
          serial_undead_b, serial_undead_b, serial_undead_b, serial_undead_b,
          serial_undead_d, serial_undead_f, serial_undead_c
D:4:      layout_loops_ring, nicolae_yredelemnul_corpse_copse

Notes
Turn   | Place    | Note
-------+----------+-------------------------------------------
     0 | D:1      | kae the Demonspawn Transmuter began the quest for the Orb.
     0 | D:1      | Reached XP level 1. HP: 15/15 MP: 3/3
     0 | D:1      | magus.rc [v1.11.3]
   156 | D:1      | Reached skill level 2 in Transmutations
   249 | D:1      | You add the spells Sting, Poisonous Vapours and Olgreb's
                  | Toxic Radiance to your library.
   431 | D:1      | Gained mutation: You sometimes gain a little power by
                  | taking damage. [demonic ancestry]
   431 | D:1      | Reached XP level 2. HP: 21/21 MP: 3/5
   463 | D:1      | You pick up a book of Vapours and begin reading...
   463 | D:1      | You add the spells Cigotuvi's Dreadful Rot and Mephitic
                  | Cloud to your library.
   778 | D:2      | Identified a scroll of acquirement
   778 | D:2      | Acquired 428 gold pieces
   945 | D:2      | Reached skill level 3 in Unarmed Combat
   954 | D:2      | Gained mutation: You sometimes gain power by taking damage.
                  | [demonic ancestry]
   954 | D:2      | Reached XP level 3. HP: 23/26 MP: 6/6
  1195 | D:2      | Learned a level 2 spell: Wereblood
  1221 | D:2      | Learned a level 3 spell: Spider Form
  1373 | D:2      | Reached skill level 3 in Transmutations
  1703 | D:2      | Identified the amulet of Seow {RegenMP rPois Str+5 Dex+2}
  1731 | D:2      | Identified the +2 ring mail of the Accordion {rC+ Regen+
                  | Dex+3}
  1765 | D:3      | Reached XP level 4. HP: 30/32 MP: 7/7
  1786 | D:3      | Found Kyisafipn's Antique Weapon Shoppe.
  2135 | D:3      | Found an iron altar of Okawaru.
  2335 | D:3      | Reached skill level 3 in Spellcasting
  2335 | D:3      | Gained mutation: Your movements are slightly less
                  | encumbered by armour. (ER -2) [demonic ancestry]
  2335 | D:3      | Reached XP level 5. HP: 36/37 MP: 9/9
  2335 | D:3      | Upgraded the game from 0.30-a0-652-gcc886f7154 to
                  | 0.30-a0-691-g754fce4c43
  2335 | D:3      | magus.rc [v1.11.3]
  2517 | D:3      | Learned a level 4 spell: Ice Form
  2611 | D:4      | HP: 7/37 [acid (11)]
  2612 | D:4      | Splashed by a jelly's acid

Vanquished Creatures
  A scorpion zombie (D:3)
  2 hound skeletons (D:3)
  5 adders
  An adder skeleton (D:3)
  3 worms
  A dart slug (D:3)
  3 endoplasms
  A giant cockroach (D:2)
  6 jackals
  5 kobolds
  2 quokkas (D:2)
  7 ball pythons
  7 bats
  6 frilled lizards
  4 goblins
  A quokka skeleton (D:3)
  2 rats
57 creatures vanquished.

Vanquished Creatures (others)
  2 withered plants (D:3)
2 creatures vanquished.

Grand Total: 59 creatures vanquished

Table legend:
 A = Non-vault XP
 B = Vault XP
 C = Vault XP percentage of total XP
 D = Non-vault monster count
 E = Vault monster count
 F = Vault count percentage of total count
                 A         B        C        D         E       F
            +---------+---------+-------+---------+---------+-------
      Total |     140 |      88 |  38.6 |      45 |      12 |  21.1
            +---------+---------+-------+---------+---------+-------
        D:1 |      15 |       7 |  31.8 |      10 |       4 |  28.6
        D:2 |      65 |       4 |   5.8 |      22 |       3 |  12.0
        D:3 |      58 |      77 |  57.0 |      12 |       5 |  29.4
        D:4 |       2 |       0 |   0.0 |       1 |       0 |   0.0
            +---------+---------+-------+---------+---------+-------

Illustrated notes

Table legend:
 A = Kills in this place as a percentage of kills in entire the game.
 B = Kills by you in this place as a percentage of kills by you in the entire game.
 C = Kills by friends in this place as a percentage of kills by friends in the entire game.
 D = Other kills in this place as a percentage of other kills in the entire game.
 E = Experience gained in this place as a percentage of experience gained in the entire game.
 F = Experience gained in this place divided by the number of levels of this place that you have seen.
                   A       B       C       D       E      F
               +-------+-------+-------+-------+-------+----------------------
         Total | 100.0 | 100.0 |   N/A |   N/A | 100.0 |  57.0
       Dungeon | 100.0 | 100.0 |   N/A |   N/A | 100.0 |  57.0
               +-------+-------+-------+-------+-------+----------------------

Table legend: (Time is in decaauts)
 A = Elapsed time spent in this place.
 B = Non-inter-level travel time spent in this place.
 C = Inter-level travel time spent in this place.
 D = Time resting spent in this place.
 E = Time spent auto-exploring this place.
 F = Levels seen in this place.
 G = Mean time per level.
                   A        B        C        D        E       F      G
               +--------+--------+--------+--------+--------+-----+--------+
         Total |   2600 |   2522 |     78 |     13 |   1980 |   4 |  650.0 |
       Dungeon |   2600 |   2522 |     78 |     13 |   1980 |   4 |  650.0 |
               +--------+--------+--------+--------+--------+-----+--------+

Top non-repeatable levels by time:
     D:2: 965 daAuts
     D:3: 793 daAuts
     D:1: 775 daAuts
     D:4: 66 daAuts
